 Dungeon Crawl Stone Soup version 0.32-a0-909-gc671339a80 (webtiles) character file.

Game seed: 4649549768698571712

48467 jasper the Convoker (level 14, -3/83 HPs)
             Began as a Deep Elf Hedge Wizard on Apr 6, 2024.
             Was a Priest of the Shining One.
             Slain by a seven-headed hydra (4 damage)
             ... while petrified by a basilisk
             ... on level 4 of the Lair of Beasts.
             The game lasted 00:37:53 (19855 turns).

jasper the Convoker (Deep Elf Hedge Wizard)        Turns: 19855, Time: 00:37:53

Health: -3/83      AC:  9    Str:  7    XL:     14   Next: 12%
Magic:  14/25      EV:  2    Int: 33    God:    the Shining One [***...]
Gold:   459        SH:  0    Dex: 22    Spells: 5/25 levels left

rFire   . . .        J - +4 mace "Uguith Aleok" {elec, rPois Int+3}
rCold   . . .        (no shield)
rNeg    + + +        L - +0 ring mail "Biurgh" {rN+ Int+5 Dex+2}
rPois   ∞            c - +0 hat
rElec   .            M - +0 cloak
rCorr   +            x - +0 pair of gloves
SInv    .            g - +0 pair of boots
Will    +....        z - amulet of regeneration
Stlth   +            w - ring of resist corrosion
HPRegen 1.13/turn    t - +6 ring of dexterity
MPRegen 0.19/turn

%: no passive effects
@: petrified, glowing
A: no striking features
a: Renounce Religion, Divine Shield, Cleansing Flame


You were on level 4 of the Lair of Beasts.
You worshipped the Shining One.
The Shining One was most pleased with you.
You visited 3 branches of the dungeon, and saw 16 of its levels.

You collected 1002 gold pieces.
You spent 543 gold pieces at shops.

Inventory:

Hand Weapons
 b - a +1 demon whip of venom
 J - the +4 mace "Uguith Aleok" (weapon) {elec, rPois Int+3}
   (You found it on level 2 of the Lair of Beasts)

   Int+3:     It affects your intelligence (+3).
   rPois:     It protects you from poison.
Missiles
 h - 7 javelins
 k - 12 boomerangs
 u - a throwing net
Armour
 c - a +0 hat (worn)
 f - the +1 robe "Lemup" {rC+ SInv}
   (You found it on level 8 of the Dungeon)

   rC+:       It protects you from cold.
   SInv:      It lets you see invisible.
 g - a +0 pair of boots (worn)
 n - a +3 leather armour of cold resistance
 x - a +0 pair of gloves (worn)
 C - the orb of Fisy {mayhem, Int+5 Earth}
   (You found it on level 7 of the Dungeon)

   Int+5:     It affects your intelligence (+5).
   Earth:     It increases the power of your Earth spells.
 H - +1 steam dragon scales
 K - the +9 plate armour of Mimuddiwn {MP+9 Stlth+}
   (You found it on level 8 of the Dungeon)

   MP+9:      It affects your magic capacity (+9).
   Stlth+:    It makes you more stealthy.
 L - the +0 ring mail "Biurgh" (worn) {rN+ Int+5 Dex+2}
   (You found it on level 8 of the Dungeon)

   Int+5:     It affects your intelligence (+5).
   Dex+2:     It affects your dexterity (+2).
   rN+:       It protects you from negative energy.
 M - a +0 cloak (worn)
Jewellery
 i - a ring of see invisible
 s - an amulet of guardian spirit
 t - a +6 ring of dexterity (right hand)
 w - a ring of resist corrosion (left hand)
 y - an amulet of reflection
 z - an amulet of regeneration (around neck)
 A - a ring of magical power
 B - the ring "Bomina" {rElec rC+ rCorr MP-9 SInv}
   (You found it on level 3 of the Lair of Beasts)

   [ring of resist corrosion]

   rC+:       It protects you from cold.
   rElec:     It insulates you from electricity.
   MP-9:      It affects your magic capacity (-9).
   SInv:      It lets you see invisible.
   rCorr:     It protects you from acid and corrosion.
 D - a ring of poison resistance
 I - an amulet of faith
 T - the ring "Nanypelo" {Fly rC+ Str+6 Int-4 Slay+3}
   (You found it on level 1 of the Lair of Beasts)

   [ring of flight]

   Str+6:     It affects your strength (+6).
   Int-4:     It affects your intelligence (-4).
   Slay+3:    It affects your accuracy & damage with ranged weapons and melee
   (+3).
   rC+:       It protects you from cold.
   Fly:       It grants you flight.
 W - an amulet of the acrobat
Wands
 a - a wand of polymorph (5)
 Q - a wand of light (1)
 U - a wand of digging (13)
Scrolls
 j - a scroll of noise
 l - 4 scrolls of immolation
 o - 3 scrolls of vulnerability
 r - 4 scrolls of teleportation
 E - 3 scrolls of enchant armour
 N - 3 scrolls of blinking
 O - 3 scrolls of fog
 P - 2 scrolls of poison
 S - 2 scrolls of revelation
 V - 3 scrolls of identify
 X - 2 scrolls of summoning
 Y - 2 scrolls of fear
Potions
 d - 2 potions of magic
 e - 4 potions of haste
 p - 3 potions of resistance
 q - 2 potions of might
 v - 2 potions of brilliance
 F - a potion of attraction {unknown}
 G - 2 potions of enlightenment
 R - 2 potions of curing
 Z - a potion of lignification
Miscellaneous
 m - a phantom mirror (inert)


   Skills:
 + Level 7.9 Fighting
 - Level 1.5 Maces & Flails
 + Level 5.2 Armour
 + Level 11.6 Dodging
 - Level 2.4 Stealth
 - Level 6.3 Spellcasting
 - Level 5.0 Conjurations
 - Level 9.0 Hexes
 * Level 16.2 Summonings
 - Level 4.0 Translocations
 - Level 4.0 Air Magic
 - Level 5.0 Earth Magic
 - Level 3.0 Alchemy


You had 5 spell levels left.
You knew the following spells:

 Your Spells              Type           Power      Damage    Failure   Level
a - Magic Dart            Conj           100%       1d8       1%          1
b - Blink                 Tloc           72%        N/A       3%          2
d - Mephitic Cloud        Conj/Alch/Air  36%        N/A       7%          3
e - Summon Cactus Giant   Summ           43%        N/A       2%          6
f - Stone Arrow           Conj/Erth      86%        3d12      4%          3
g - Summon Mana Viper     Hex/Summ       76%        N/A       1%          5

Your spell library contained the following spells:

 Spells                   Type           Power      Damage    Failure   Level
 Slow                     Hex            100%       N/A       1%          1
 Call Imp                 Summ           100%       N/A       1%          2
 Summon Ice Beast         Ice/Summ       59%        N/A       1%          3
 Searing Ray              Conj           86%        2d7       2%          2
 Lesser Beckoning         Tloc           72%        N/A       3%          2
 Momentum Strike          Conj/Tloc      80%        3d10      3%          2
 Maxwell's Portable Pile  Tloc           36%        2d(8-24)  7%          3
 Cigotuvi's Dreadful Rot  Necr/Alch/Air  50%        N/A       8%          2
 Scorch                   Fire           20%        2d5       19%         2
 Sublimation of Blood     Necr           10%        N/A       19%         2
 Fulminant Prism          Conj/Alch      18%        3d11      24%         4
 Frozen Ramparts          Ice            20%        1d4       36%         3
 Ozocubu's Armour         Ice            10%        N/A       36%         3
 Flame Wave               Conj/Fire      26%        2d8       41%         4
 Arcjolt                  Conj/Air       20%        1d30      47%         5
 Metabolic Englaciation   Hex/Ice        20%        N/A       47%         5
 Monstrous Menagerie      Summ           43%        N/A       13%         7
 Summon Hydra             Summ           43%        N/A       13%         7
 Starburst                Conj/Fire      13%        6d5       100%        6
 Maxwell's Capacitive Co  Air            18%        ∞         100%        8


Dungeon Overview and Level Annotations

Branches:
Dungeon (11/15)            Temple (1/1) D:7            Lair (4/5) D:10
 Shoals (0/4) Lair:3        Snake (0/4) Lair:3          Orc (0/2) D:11
  Slime: Lair:4-5

Altars:
Ashenzari
Cheibriados
Dithmenos
Elyvilon
Fedhas
Gozag
Hepliaklqana
Kikubaaqudgha
Makhleb
Nemelex Xobeh
Okawaru
Qazlal
Ru
Sif Muna
Trog
Uskayaw
Vehumet
Wu Jian
Xom
Yredelemnul
Zin
The Shining One

Shops:
D:3 :(:!   D:10 !*


Message History

The basilisk bites you.
The skyshark bites you but does no damage.
The skyshark tail-slaps you but does no damage.
The skyshark tail-slaps you!
Your mana viper bites the skyshark.
The seven-headed hydra bites you! The seven-headed hydra bites you.
The seven-headed hydra barely misses you.
The seven-headed hydra bites you but does no damage.
The seven-headed hydra bites you! The seven-headed hydra bites you. x2
The basilisk bites you but does no damage.
The cane toad barely misses your mana viper.
The skyshark bites you!!
* * * LOW HITPOINT WARNING * * *
The skyshark tail-slaps you!
* * * LOW HITPOINT WARNING * * *
The skyshark tail-slaps you but does no damage.
Your mana viper bites the skyshark!
Your cactus giant barely misses the skyshark.
The seven-headed hydra barely misses you.
The seven-headed hydra bites you but does no damage. x2
The seven-headed hydra bites you.
* * * LOW HITPOINT WARNING * * *
The seven-headed hydra bites you!
* * * LOW HITPOINT WARNING * * *
The seven-headed hydra bites you!
* * * LOW HITPOINT WARNING * * *
The seven-headed hydra bites you.
* * * LOW HITPOINT WARNING * * *
The skyshark bites you.
* * * LOW HITPOINT WARNING * * *
The skyshark tail-slaps you. The skyshark tail-slaps you!
The Shining One protects you from harm!
Your mana viper bites the skyshark.
The cane toad stings your mana viper!! The basilisk gazes at you.
You resist with almost no effort. The skyshark bites you!
The Shining One protects you from harm!
The skyshark tail-slaps you but does no damage.
The skyshark tail-slaps you. The Shining One protects you from harm!
The seven-headed hydra bites you!
You die...

.#.. .. #..## #.#
###...##.##
#PP........
#.PP....ßß.
#.....ß....
##>.......ß.
##PDC.?......
#.@FSF☼ß.ß.(. ###
#..l........F
##~#####..........ß.
##P~♣#.##.......ß....
#~♣~~..............ßß
#♣~P~..(..............
#P~~~~...P............
#♣~~~~...#.......P..P
#♣~P~...........###


You could see a skyshark (berserk, ally target), a seven-headed hydra, a cane
toad (distracted), a basilisk (ally target), a friendly mana viper (summoned)
and a friendly cactus giant (summoned).

Vanquished Creatures
  4 nameless horrors
  A boulder beetle (D:11)
  2 two-headed ogres (D:7)
  Pikel (D:5)
  An ugly thing (D:11)
  Maggie (D:6)
  A rime drake (D:10)
  2 unseen horrors
  3 cane toads
  A komodo dragon (Lair:3)
  2 polar bears
  A troll (D:9)
  2 blink frogs (Lair:1)
  A shadow (D:8)
  2 wyverns
  5 yaks
  3 wraiths
  A basilisk (Lair:2)
  Grum (D:9)
  2 steam dragons (D:10)
  2 acid dragons
  4 water moccasins
  3 orc warriors (D:10)
  3 black bears
  3 ice beasts
  An ogre (D:7)
  2 boggarts (D:7)
  4 wolves
  2 centaurs
  A lemure (D:5)
  A phantom (D:6)
  6 kobold brigands
  8 bullfrogs
  2 scorpions
  2 wights (D:7)
  9 killer bees
  3 howler monkeys
  A bombardier beetle (D:3)
  5 orc priests
  2 jellies
  Crazy Yiuf (D:5)
  A gnoll bouda (D:4)
  5 hounds
  A sleepcap (D:6)
  3 iguanas
  3 orc wizards
  4 gnolls
  7 adders
  A river rat (D:4)
  A white imp (D:7)
  3 ribbon worms
  3 dart slugs
  28 orcs
  7 endoplasms
  4 giant cockroaches
  5 goblins
  5 hobgoblins
  4 jackals (D:2)
  5 quokkas
  10 ball pythons
  2 bats
  6 frilled lizards
  17 kobolds
  8 rats
235 creatures vanquished.

Vanquished Creatures (collateral kills)
  Snorg (Lair:4)
  Josephine (Lair:4)
  A hydra (Lair:3)
  2 catoblepae
  A two-headed ogre (D:9)
  2 boulder beetles
  Amaemon (Lair:2)
  A skyshark (Lair:4)
  2 manticores (Lair:3)
  3 black mambas
  7 cane toads
  An orange demon (Lair:2)
  A torpor snail (Lair:3)
  A rime drake (Lair:2)
  4 komodo dragons
  2 polar bears
  4 blink frogs (Lair:1)
  7 dream sheep (Lair:4)
  3 wraiths (Lair:4)
  3 wyverns
  25 yaks
  3 basilisks
  A nameless horror (Lair:1)
  10 water moccasins
  An orc warrior (D:9)
  A phantom (D:5)
  8 wolves
  2 lemures (D:5)
  A kobold brigand (D:6)
  Blork the orc (D:5)
  6 bullfrogs
  2 wights (D:7)
  4 killer bees
  An orc priest (D:10)
  A sleepcap (D:6)
  An iguana (D:4)
  An orc wizard (D:9)
  An adder (D:6)
  3 gnolls
  A river rat (D:4)
  6 orcs
  A ball python (D:3)
  An endoplasm (D:3)
  11 kobolds
141 creatures vanquished.

Vanquished Creatures (others)
  A lemure (D:5)
  An orc (D:9)
  A kobold (D:8)
3 creatures vanquished.

Grand Total: 379 creatures vanquished

Notes
Turn   | Place    | Note
-------+----------+-------------------------------------------
     0 | D:1      | jasper the Deep Elf Hedge Wizard began the quest for the
                  | Orb.
     0 | D:1      | Reached XP level 1. HP: 10/10 MP: 7/7
   444 | D:1      | Reached XP level 2. HP: 15/15 MP: 5/9
   447 | D:1      | Learned a level 2 spell: Blink
   450 | D:1      | Learned a level 2 spell: Call Imp
  1448 | D:2      | Reached XP level 3. HP: 15/19 MP: 6/10
  1452 | D:2      | Learned a level 3 spell: Mephitic Cloud
  1850 | D:2      | Identified the +1 ring mail of Hopscotch {Harm rPois Int-5
                  | SInv}
  2249 | D:3      | Reached XP level 4. HP: 24/24 MP: 7/12
  2574 | D:3      | Found Ewkueh's Distillery.
  2590 | D:3      | Bought 2 potions of curing for 72 gold pieces
  2590 | D:3      | Bought a potion of curing for 36 gold pieces
  2622 | D:3      | Reached skill level 5 in Conjurations
  2984 | D:3      | Found Guosij's Book Shoppe.
  3074 | D:3      | Noticed a black bear
  3095 | D:3      | Killed a black bear
  3096 | D:3      | Reached skill level 1 in Fighting
  3096 | D:3      | Reached skill level 5 in Spellcasting
  3096 | D:3      | Reached XP level 5. HP: 19/29 MP: 3/14
  3376 | D:3      | Found Xofel's Weapon Emporium.
  3388 | D:3      | Bought a throwing net for 42 gold pieces
  3423 | D:3      | Found Xitasu's Book Emporium.
  3967 | D:4      | Reached XP level 6. HP: 34/34 MP: 10/16
  3974 | D:4      | Learned a level 6 spell: Summon Cactus Giant
  4692 | D:4      | Reached skill level 2 in Summonings
  4807 | D:4      | Found a white marble altar of Elyvilon.
  4941 | D:4      | Found Daumesil's Weapon Shoppe.
  5264 | D:4      | Reached skill level 3 in Summonings
  5380 | D:5      | Entered Level 5 of the Dungeon
  5469 | D:5      | Reached XP level 7. HP: 40/40 MP: 10/18
  5536 | D:5      | Found a runed translucent door.
  5537 | D:5      | Noticed Crazy Yiuf
  5600 | D:5      | Noticed Blork the orc
  5622 | D:5      | Killed Blork the orc
  5738 | D:5      | Noticed Pikel
  5775 | D:5      | Killed Pikel
  5776 | D:5      | Reached XP level 8. HP: 43/44 MP: 7/19
  5928 | D:5      | Reached skill level 1 in Alchemy
  6282 | D:5      | Reached skill level 4 in Summonings
  6733 | D:6      | Reached skill level 1 in Maces & Flails
  6853 | D:6      | Reached skill level 5 in Dodging
  7070 | D:6      | Noticed Maggie
  7107 | D:7      | Reached skill level 5 in Summonings
  7240 | D:7      | Reached XP level 9. HP: 51/51 MP: 16/20
  7452 | D:6      | Killed Maggie
  7453 | D:6      | Reached skill level 6 in Summonings
  7903 | D:7      | Found a staircase to the Ecumenical Temple.
  7912 | Temple   | Entered the Ecumenical Temple
  7952 | Temple   | Became a worshipper of the Shining One
  8025 | D:7      | Identified the orb of Fisy {mayhem, Int+5 Earth}
  8094 | D:7      | Reached skill level 7 in Summonings
  8346 | D:7      | Noticed a two-headed ogre
  8346 | D:7      | Noticed a two-headed ogre
  8361 | D:7      | Killed a two-headed ogre
  8362 | D:7      | Reached skill level 8 in Summonings
  8368 | D:7      | Killed a two-headed ogre
  8369 | D:7      | Reached XP level 10. HP: 48/58 MP: 14/21
  8384 | D:7      | Reached skill level 9 in Summonings
  8589 | D:7      | Reached skill level 5 in Fighting
  8629 | D:7      | Noticed a nameless horror
  9092 | D:8      | Noticed a nameless horror
  9093 | D:8      | Noticed a nameless horror
  9095 | D:8      | Noticed a nameless horror
  9265 | D:9      | Identified the +7 mace of Forgiveness {flame, Dex+4}
  9388 | D:9      | Noticed a two-headed ogre
  9392 | D:9      | Killed a two-headed ogre
  9549 | D:9      | Reached skill level 10 in Summonings
  9593 | D:9      | Noticed a nameless horror
  9874 | D:8      | Identified the +1 robe "Lemup" {rC+ SInv}
  9876 | D:8      | The Shining One protects you from harm!
  9930 | D:8      | Identified the +9 plate armour of Mimuddiwn {MP+9 Stlth+}
  9944 | D:8      | Got Jedgho Nu Xio's Parchment of Combat Magic
  9959 | D:8      | Identified the +0 ring mail "Biurgh" {rN+ Int+5 Dex+2}
 10090 | D:8      | Learned a level 3 spell: Stone Arrow
 10159 | D:8      | Reached skill level 1 in Earth Magic
 10455 | D:5      | Killed Crazy Yiuf
 10770 | D:7      | Killed a nameless horror
 11093 | D:8      | Identified the +1 ring mail of Spite {Int+3}
 11294 | D:8      | Killed a nameless horror
 11449 | D:9      | Reached * piety under the Shining One
 11604 | D:10     | Entered Level 10 of the Dungeon
 11936 | D:10     | Reached skill level 5 in Earth Magic
 12096 | D:10     | Found a staircase to the Lair.
 12137 | D:10     | Reached XP level 11. HP: 64/64 MP: 22/22
 12310 | D:10     | Reached skill level 1 in Armour
 12479 | D:10     | Identified the +1 falchion of Exoneration {antimagic, Str+3
                  | Int+3}
 12559 | D:10     | Found Nyjig's Gadget Gallery.
 12865 | D:3      | Bought a book of Beasts for 360 gold pieces
 12871 | D:3      | Learned a level 5 spell: Summon Mana Viper
 13098 | D:9      | Killed a nameless horror
 13254 | D:9      | Reached skill level 1 in Hexes
 13254 | D:9      | Noticed Grum
 13288 | D:9      | Killed Grum
 13949 | D:10     | Identified the +0 leather armour of Berunos {+Inv rN++
                  | Str+5}
 14024 | D:10     | Reached skill level 5 in Hexes
 14074 | D:10     | Identified the +0 plate armour "Daqak" {*Slow rPois rN+++
                  | Dex-5}
 14104 | D:10     | Found Beseun's Distillery.
 14115 | D:10     | Bought a potion of lignification for 33 gold pieces
 14422 | D:11     | Noticed a boulder beetle
 14449 | D:11     | Killed a boulder beetle
 14583 | D:11     | Noticed a brown ugly thing
 14622 | D:11     | Killed a brown ugly thing
 14740 | D:11     | Identified the +1 chain mail of the Wasteland {Str+4}
 14878 | D:11     | Found a staircase to the Orcish Mines.
 15050 | D:11     | Found an iron altar of Okawaru.
 15050 | D:11     | Noticed a deep elf archer
 15050 | D:11     | Noticed an orc warlord
 15131 | Lair:1   | Entered Level 1 of the Lair of Beasts
 15131 | Lair:1   | Reached ** piety under the Shining One
 15504 | Lair:1   | Reached skill level 11 in Summonings
 15954 | Lair:1   | Noticed a boulder beetle
 15974 | Lair:1   | Killed a boulder beetle
 16220 | Lair:1   | Reached XP level 12. HP: 32/71 MP: 14/23
 16488 | Lair:1   | Identified the ring "Nanypelo" {Fly rC+ Str+6 Int-4 Slay+3}
 16660 | Lair:2   | Reached skill level 12 in Summonings
 16665 | Lair:2   | Noticed a catoblepas
 16682 | Lair:2   | Killed a catoblepas
 16683 | Lair:2   | Reached skill level 10 in Dodging
 16915 | Lair:2   | Identified the +4 mace "Uguith Aleok" {elec, rPois Int+3}
 17095 | Lair:2   | Noticed Amaemon
 17133 | Lair:2   | Killed Amaemon
 17378 | Lair:2   | Reached skill level 14 in Summonings
 17378 | Lair:2   | Reached XP level 13. HP: 76/76 MP: 24/24
 17767 | Lair:3   | Reached skill level 15 in Summonings
 17776 | Lair:3   | HP: 3/76 [poisoned by a cane toad]
 18318 | Lair:3   | Found a staircase to the Snake Pit.
 18449 | Lair:3   | Found a staircase to the Shoals.
 18982 | Lair:3   | Identified the ring "Bomina" {rElec rC+ rCorr MP-9 SInv}
 19451 | Lair:4   | Noticed Snorg
 19460 | Lair:4   | Killed Snorg
 19585 | Lair:4   | Reached *** piety under the Shining One
 19591 | Lair:4   | Reached XP level 14. HP: 83/83 MP: 16/25
 19599 | Lair:4   | Reached skill level 16 in Summonings
 19674 | Lair:4   | Noticed Josephine
 19679 | Lair:4   | Killed Josephine
 19680 | Lair:4   | Reached skill level 5 in Armour
 19854 | Lair:4   | HP: 4/83 [seven-headed hydra (5)]
 19855 | Lair:4   | HP: 1/83 [skyshark (2)]
 19855 | Lair:4   | The Shining One protects you from harm!
 19855 | Lair:4   | The Shining One protects you from harm!
 19855 | Lair:4   | The Shining One protects you from harm!
 19855 | Lair:4   | Slain by a seven-headed hydra

Illustrated notes

Levels and vault maps discovered:
D:1:      tarquinn_simple_flora_water_f, layout_loops_corners
D:2:      layout_basic, serial_park_tiny_1
D:3:      layout_loops_corners, serial_shops, nicolae_shop_statue_plus, shop,
          nicolae_shop_crystal, nicolae_shop_window_shopping,
          chequers_serial_rivers_micro_e, minmay_bisected
D:4:      layout_basic, elyvilon_altar_1, serial_curves, eino_curves_04,
          eino_curves_01, portal_sewer_entry_b, serial_shops, shop,
          serial_bayou_pond_c
D:5:      layout_basic, serial_curves, eino_curves_04, eino_curves_03,
          uniq_crazy_yiuf_cottage, uniq_blork_the_orc, uniq_pikel
D:6:      layout_basic, uniq_maggie
D:7:      layout_basic, minmay_temple_entry_crystal_x,
          nicolae_phantomly_mirrored
D:8:      layout_basic
D:9:      layout_stronghold, hangedman_abyss_or_decor_slice,
          kennysheep_generic_room_6, uniq_grum
D:10:     layout_loops_ring, hellmonk_lair_entry_icy, serial_shops,
          nicolae_lakefront_shop, nicolae_shop_gadgets
D:11:     evilmike_iron_armoury, layout_basic, orc_0_dummy,
          minmay_unpleasant_kobolds
Temple:   mainiacjoe_temple_hex_bubbles
Lair:1:   layout_cave_pods, grunt_megastairs_3
Lair:2:   layout_regular_city, chequers_serial_rivers_micro_e, minivault_27,
          uniq_amaemon
Lair:3:   layout_layer_cave, minmay_shoals_entry_beasts, dummy_snake_entry,
          gammafunk_lair_bear_cave, serial_bayou_shore_b, grunt_megastairs_4
Lair:4:   layout_cave_shapes, kennysheep_basilisk_garden,
          infiniplex_staircase_pool_2, serial_bayou_shore_b, uniq_snorg,
          uniq_josephine

Skill      XL: |  1  2  3  4  5  6  7  8  9 10 11 12 13 14 |
---------------+-------------------------------------------+-----
Conjurations   | 2 3 4 5 |  5.0
Fighting       | 1 2 3 4 5 6 7 |  7.9
Dodging        | 3 4 5 7 8 9 10 11 | 11.6
Spellcasting   | 5 6 |  6.3
Summonings     | 3 5 8 10 11 14 15 16 | 16.2
Translocations | 3 4 |  4.0
Air Magic      | 3 4 |  4.0
Alchemy        | 3 |  3.0
Maces & Flails | 1 |  1.5
Earth Magic    | 5 |  5.0
Armour         | 2 3 4 5 |  5.2
Hexes          | 9 |  9.0
Stealth        | |  2.4

Action                     |  1- 3 |  4- 6 |  7- 9 | 10-12 | 13-15 || total
---------------------------+-------+-------+-------+-------+-------++-------
  Melee: Falchion          |       |    32 |    44 |       |       ||    76
         Whip              |       |       |   178 |   176 |       ||   354
         Mace              |       |       |       |     2 |    87 ||    89
   Cast: Magic Dart        |   101 |   103 |    40 |    71 |       ||   315
         Call Imp          |     4 |    17 |    34 |       |       ||    55
         Mephitic Cloud    |       |     4 |    21 |     8 |     4 ||    37
         Blink             |       |       |     1 |       |       ||     1
         Stone Arrow       |       |       |       |   131 |       ||   131
         Summon Cactus Gia |       |       |       |     6 |    23 ||    29
         Summon Mana Viper |       |       |       |    32 |    14 ||    46
  Evoke: Wand              |       |       |    11 |     7 |     3 ||    21
         Phantom mirror    |       |       |       |       |     1 ||     1
    Use: Scroll            |     7 |     6 |     5 |    11 |       ||    29
         Potion            |       |     2 |       |     8 |     3 ||    13
   Stab: Confused          |       |     1 |     4 |       |       ||     5
         Distracted        |       |       |     5 |       |       ||     5
         Sleeping          |       |       |     2 |       |       ||     2
 Armour: Robe              |    15 |       |       |       |       ||    15
         Leather armour    |       |    33 |    72 |       |       ||   105
         Steam dragon scal |       |       |    42 |    69 |       ||   111
         Ring mail         |       |       |       |   142 |   164 ||   306
  Dodge: Dodged            |    12 |    28 |   153 |   209 |   151 ||   553

Table legend: (Time is in decaauts)
 A = Elapsed time spent in this place.
 B = Non-inter-level travel time spent in this place.
 C = Inter-level travel time spent in this place.
 D = Time resting spent in this place.
 E = Time spent auto-exploring this place.
 F = Levels seen in this place.
 G = Mean time per level.
                   A        B        C        D        E       F      G
               +--------+--------+--------+--------+--------+-----+--------+
         Total |  19966 |  18523 |   1443 |   1967 |  12937 |  16 | 1247.9 |
       Dungeon |  15107 |  13849 |   1258 |   1675 |   9489 |  11 | 1373.4 |
        Temple |     75 |      2 |     73 |      0 |      0 |   1 |   75.0 |
          Lair |   4783 |   4672 |    111 |    292 |   3447 |   4 | 1195.8 |
               +--------+--------+--------+--------+--------+-----+--------+

Top non-repeatable levels by time:
     D:9: 1833 daAuts
     D:4: 1814 daAuts
     D:3: 1766 daAuts
     D:5: 1559 daAuts
  Lair:3: 1534 daAuts
     D:7: 1467 daAuts
  Lair:1: 1464 daAuts
     D:8: 1454 daAuts
    D:10: 1285 daAuts
     D:1: 1247 daAuts
  Lair:2: 1158 daAuts
     D:6: 1064 daAuts
     D:2: 822 daAuts
    D:11: 791 daAuts
  Lair:4: 625 daAuts
